cohdb
Replays
Latest Replays
All Replays
Popular Replays
Top Player Replays
Match Explorer
How It Works
Community
CoH3 Stats
Reddit
Sign in to upload your games and track your stats! →
Sign in with Steam
Match 42386303
Unlisted
Match 42386303
Overview
Messages
Build Orders
End
Engineer Squad
Construct Barracks
Riflemen Squad
Riflemen Squad
Riflemen Squad
Air Support Center
M1 Mortar Team
P-47 Strafing Run
Construct Motor Pool
Grasshopper Recon Run
P-47 Strafing Run
M24 Chaffee Light Tank
Riflemen Squad
P-47 Strafing Run
M1918 Browning Automatic Rifles
Engineer Squad
P-47 Dive Bomb
P-47 Strafing Run
Construct Medical Station
M24 Chaffee Light Tank
P-47 Dive Bomb
M24 Chaffee Light Tank
Selects Armored Battlegroup
Selects Veteran Crews
Selects Field Repairs
Grenade Package
P-47 Strafing Run
M1 Anti-tank Gun Team
Selects Strength in Steel
Selects War Machine
Selects M8 Scott SPG
M8 Scott SPG
Grasshopper Recon Run
Selects UNKNOWN (2160077)
XuZhongwei
biengatoc
0
0
Comments
sign in to comment!
No comments posted yet!